 Dungeon Crawl Stone Soup version 0.30-a0-459-g9104f0fc43 (webtiles) character file.

Game seed: 1790990289521647342

58 IdlyInterested the Trooper (level 3, 0/28 HPs)
             Began as a Demonspawn Wanderer on Dec 15, 2022.
             Succumbed to an adder's poison
             ... on level 2 of the Dungeon.
             The game lasted 00:06:23 (1304 turns).

IdlyInterested the Trooper (Demonspawn Wanderer)    Turns: 1304, Time: 00:06:23

Health: 0/28       AC:  3    Str: 14 (16) XL:     3   Next: 76%
Magic:  4/4        EV: 11    Int: 13 (14) God:
Gold:   74         SH:  6    Dex:  7 (9)  Spells: 2/4 levels left

rFire   . . .      SeeInvis .    g - +0 whip (venom)
rCold   . . .      Faith    .    s - +0 buckler
rNeg    . . .      Spirit   .    f - +1 robe
rPois   .          Reflect  .    (no helmet)
rElec   .          Harm     .    (no cloak)
rCorr   .          Rampage  .    (no gloves)
Will    .....                    (no boots)
Stlth   +.........               (no amulet)
HPRegen 0.24/turn                (no ring)
MPRegen 0.09/turn                (no ring)

@: mighty, brilliant, lethally poisoned (0 -> -3)
A: large bone plates 1
a: no special abilities


You were on level 2 of the Dungeon.
You visited 1 branch of the dungeon, and saw 2 of its levels.

You collected 74 gold pieces.

Inventory:

Hand Weapons
 a - a +0 dagger
 g - a +0 whip of venom (weapon)
 j - a +0 short sword
 n - a +0 whip
Missiles
 c - 8 boomerangs (quivered)
 o - 14 stones
 t - 6 javelins
Armour
 f - a +1 robe (worn)
 s - a +0 buckler (worn)
Scrolls
 b - 2 scrolls of fear
 d - a scroll of butterflies
 i - a scroll of poison
Potions
 e - a potion of lignification
 k - a potion of attraction
 l - a potion of haste


   Skills:
 * Level 2.7 Fighting
 - Level 2.0 Throwing
 - Level 1.0 Armour
 - Level 1.0 Dodging
 - Level 1.0 Stealth
 - Level 1.7 Unarmed Combat
 - Level 1.0 Spellcasting
 * Level 2.4 Conjurations
 - Level 1.0 Evocations


You had 2 spell levels left.
You knew the following spells:

 Your Spells              Type           Power      Damage    Failure   Level
a - Searing Ray           Conj           20%        2d5       22%         2

Your spell library contained the following spells:

 Spells                   Type           Power      Damage    Failure   Level
 Static Discharge         Conj/Air       10%        2-3/arc   34%         2
 Ozocubu's Armour         Ice            0%         N/A       75%         3
 Ozocubu's Refrigeration  Ice            0%         4d7       100%        7


Dungeon Overview and Level Annotations

Branches:
Dungeon (2/15)

Altars:
Dithmenos


Innate Abilities, Weirdness & Mutations

You are partially covered in large bone plates. (SH +4)


Message History

You feel sick. The adder bites you.
The kobold hits you with a +0 short sword.
You block the adder's attack. The kobold barely misses you.
You closely miss the adder.
The adder is moderately wounded.
You feel sick. The adder bites you.
You are more poisoned.
The adder poisons you! The kobold closely misses you.
You block the adder's attack.
You miss the adder.
The adder is heavily wounded.
You feel sick. The adder closely misses you. The kobold closely misses you.
You barely miss the adder.
The adder is heavily wounded.
You feel sick. The adder barely misses you.
The kobold hits you but does no damage. The adder bites you but does no damage.
You hit the adder but do no damage.
The adder looks even sicker.
The adder is heavily wounded.
You feel sick. You block the kobold's attack. The adder bites you.
* * * LOW HITPOINT WARNING * * *
You closely miss the adder.
The adder is almost dead.
You feel sick. You block the adder's attack.
The kobold hits you but does no damage. The adder bites you.
* * * LOW HITPOINT WARNING * * *
You are lethally poisoned!
The adder poisons you!
It was a potion of brilliance.
You feel clever all of a sudden.
* * * LOW HITPOINT WARNING * * *
You feel sick.
You kill the adder!
You block the kobold's attack.
You feel your intelligence returning.
It was a potion of magic.
Magic courses through your body.
* * * LOW HITPOINT WARNING * * *
You feel sick. The kobold closely misses you.
It was a potion of might.
You feel very mighty all of a sudden.
You die...

.............#####.....
.............##.........
...........÷.##.........
#'##.........##....!...#
#.##.........##........#
#.##.......÷.##........#
........................
.................K......
....####.######.@†.....#
#.#.# #># ####.##### ###
#.#.####.### .# ..#
#.#.#......# .. #.#
..#.#.###### .# #S#
....#.# # #.# ....#.#
#.# ...##!# #.# ....#.#
#<#


You could see a kobold.

Vanquished Creatures
  2 adders (D:2)
  A gnoll (D:1)
  A dart slug (D:1)
  3 ball pythons
  3 endoplasms (D:1)
  3 giant cockroaches
  4 goblins
  2 hobgoblins
  A kobold (D:1)
  A quokka (D:1)
  2 bats
  4 frilled lizards
  A rat (D:1)
28 creatures vanquished.

Notes
Turn   | Place    | Note
-------+----------+-------------------------------------------
     0 | D:1      | IdlyInterested the Demonspawn Wanderer began the quest for
                  | the Orb.
     0 | D:1      | IdlyInterested set off with the following items: a +0
                  | dagger, a scroll of fear, 8 boomerangs, a scroll of
                  | butterflies, a potion of lignification, a +0 robe; and the
                  | following spells available to memorise: Searing Ray, Static
                  | Discharge.
     0 | D:1      | Reached XP level 1. HP: 15/15 MP: 2/2
   260 | D:1      | Reached skill level 1 in Evocations
   260 | D:1      | Gained mutation: You are partially covered in large bone
                  | plates. (SH +4) [demonic ancestry]
   260 | D:1      | Reached XP level 2. HP: 8/22 MP: 3/3
   349 | D:1      | Learned a level 2 spell: Searing Ray
   650 | D:1      | Reached XP level 3. HP: 27/27 MP: 4/4
   824 | D:2      | Reached skill level 1 in Stealth
   883 | D:2      | Found a shadowy altar of Dithmenos.
  1302 | D:2      | HP: 1/28 [poisoned by an adder]
  1304 | D:2      | Succumbed to an adder's poison

Illustrated notes

Levels and vault maps discovered:
D:1:      psy_arrival_terrarium, layout_basic, minivault_23
D:2:      kennysheep_six_static_rooms, layout_basic, basic_altar, uniq_sigmund

Skill      XL: |  1  2  3 |
---------------+----------+-----
Throwing       | 2 |  2.0
Fighting       | 2 |  2.7
Evocations     | 1 |  1.0
Stealth        | 1 |  1.0
Armour         | |  1.0
Dodging        | |  1.0
Unarmed Combat | |  1.7
Spellcasting   | |  1.0
Conjurations   | |  2.4

Action                   || total
-------------------------++-------
Melee: Dagger            ||    20
       Club              ||    11
       Unarmed           ||    10
       Whip              ||    82
       Punch             ||     1
Throw: Boomerang         ||    17
  Use: Scroll            ||     5
       Potion            ||     4
 Stab: Sleeping          ||     3
Armor: Robe              ||    18
Dodge: Dodged            ||    72
Block: Other             ||    11
       Buckler           ||    15

Table legend: (Time is in decaauts)
 A = Elapsed time spent in this place.
 B = Non-inter-level travel time spent in this place.
 C = Inter-level travel time spent in this place.
 D = Time resting spent in this place.
 E = Time spent auto-exploring this place.
 F = Levels seen in this place.
 G = Mean time per level.
                   A        B        C        D        E       F      G
               +--------+--------+--------+--------+--------+-----+--------+
         Total |   1317 |   1186 |    131 |    198 |    592 |   2 |  658.5 |
       Dungeon |   1317 |   1186 |    131 |    198 |    592 |   2 |  658.5 |
               +--------+--------+--------+--------+--------+-----+--------+

Top non-repeatable levels by time:
     D:1: 877 daAuts
     D:2: 439 daAuts
